 Dungeon Crawl Stone Soup version 0.29.1-13-g9f3cf754e1 (webtiles) character file.

Game seed: 6507162475274399962

121 MisterFreud the Twirler (level 5, -1/38 HPs)
             Began as a Formicid Gladiator on Jan 22, 2023.
             Slain by a hobgoblin
             ... wielding a +0 broad axe
             ... led by Robin
              (6 damage)
             ... on level 3 of the Dungeon.
             The game lasted 00:02:41 (2345 turns).

MisterFreud the Twirler (Formicid Gladiator)        Turns: 2345, Time: 00:02:42

Health: -1/38      AC:  9    Str: 21    XL:     5   Next: 26%
Magic:  5/5        EV: 12    Int:  7    God:
Gold:   95         SH:  0    Dex: 15    Spells: 4/4 levels left

rFire   + . .      SeeInvis +   a - +0 quarterstaff
rCold   . . .      Faith    .   (no shield)
rNeg    . . .      Spirit   .   d - +0 chain mail
rPois   .          Reflect  .   (helmet unavailable)
rElec   .          Harm     .   (no cloak)
rCorr   .          Rampage  .   (no gloves)
Will    .....                   f - +0 pair of boots
Stlth   ..........              (no amulet)
HPRegen 0.12/turn               i - +4 ring of evasion
MPRegen 0.09/turn               e - ring of protection from fire

@: no status effects
A: permanent stasis, dig shafts and tunnels, antennae 3, four strong arms
a: Dig, Shaft Self


You were on level 3 of the Dungeon.
You visited 1 branch of the dungeon, and saw 3 of its levels.

You collected 95 gold pieces.

Inventory:

Hand Weapons
 a - a +0 quarterstaff (weapon)
Missiles
 c - 3 throwing nets (quivered)
 l - a javelin
Armour
 b - a +0 leather armour
 d - a +0 chain mail (worn)
 f - a +0 pair of boots (worn)
Jewellery
 e - a ring of protection from fire (right hand)
 i - a +4 ring of evasion (left hand)
 m - a ring of protection from fire
Potions
 g - a potion of heal wounds {unknown}
 h - a potion of curing


   Skills:
 - Level 2.1 Fighting
 + Level 5.6 Staves
 - Level 2.0 Throwing
 - Level 2.6 Dodging


You had 4 spell levels left.
You didn't know any spells.
Your spell library contained the following spells:

 Spells                   Type           Power      Damage    Failure   Level
 Summon Small Mammal      Summ           0%         N/A       99%         1
 Call Canine Familiar     Summ           0%         N/A       100%        3
 Portal Projectile        Hex/Tloc       0%         N/A       100%        3
 Summon Guardian Golem    Hex/Summ       0%         N/A       100%        3
 Leda's Liquefaction      Hex/Erth       0%         N/A       100%        4


Dungeon Overview and Level Annotations

Branches:
Dungeon (3/15)

Altars:
Kikubaaqudgha


Innate Abilities, Weirdness & Mutations

You cannot be hasted, slowed, berserked, paralysed or teleported.
You can dig through walls and to a lower floor.
You have a pair of large antennae on your head. (SInv)
Your four strong arms can wield two-handed weapons with a shield.


Message History

Unknown command.
You hit Robin but do no damage.
Robin is almost dead.
Robin hits you with a +0 mace! The goblin hits you with a +0 dagger.
* * * LOW HITPOINT WARNING * * *
Unknown command.
You hit Robin but do no damage.
Robin is almost dead.
Robin hits you with a +0 mace.
* * * LOW HITPOINT WARNING * * *
The goblin hits you with a +0 dagger.
* * * LOW HITPOINT WARNING * * *
Unknown command.
It was a potion of curing.
You feel better.
The goblin no longer looks unusually strong.
Robin roars a battlecry!
The goblin goes into a battle-frenzy!
The goblin closely misses you.
You hit Robin.
Robin is almost dead.
Robin closely misses you. The goblin closely misses you.
You hit Robin but do no damage.
Robin is almost dead.
You feel less batty.
Your +0 quarterstaff unmelds from your body.
Your +0 pair of boots unmelds from your body.
Your +0 chain mail unmelds from your body.
Your +4 ring of evasion unmelds from your body.
Your ring of protection from fire unmelds from your body.
Robin zaps a wand.
You resist with some effort. The goblin hits you with a +0 dagger.
* * * LOW HITPOINT WARNING * * *
You sock Robin!
You kill Robin!
The goblin hits you but does no damage.
Unknown command.
Unknown command.
Are you sure you want to shaft yourself?
The hobgoblin hits you with a +0 broad axe.
You die...

## .. #.
#####.
...#. #...
#...#####$#


#.rg@ggg# ######### You could see a quokka, 2 hobgoblins and 2 goblins.

Vanquished Creatures
  Terence (D:2)
  Robin (D:3)
  3 adders
  5 dart slugs
  5 ball pythons
  3 endoplasms
  2 giant cockroaches
  5 goblins
  6 hobgoblins
  2 jackals (D:1)
  2 kobolds
  A quokka (D:1)
  5 bats
  A frilled lizard (D:2)
  5 rats
47 creatures vanquished.

Vanquished Creatures (others)
  A fungus (D:1)
1 creature vanquished.

Grand Total: 48 creatures vanquished

Notes
Turn   | Place    | Note
-------+----------+-------------------------------------------
     0 | D:1      | MisterFreud the Formicid Gladiator began the quest for the
                  | Orb.
     0 | D:1      | Reached XP level 1. HP: 16/16 MP: 1/1
    96 | D:1      | Reached XP level 2. HP: 17/22 MP: 2/2
   328 | D:1      | Found a faded altar of an unknown god.
   486 | D:1      | Reached skill level 4 in Staves
   486 | D:1      | Reached XP level 3. HP: 26/27 MP: 3/3
  1027 | D:2      | Found an ancient bone altar of Kikubaaqudgha.
  1047 | D:1      | You fall into a shaft and drop 1 floor!
  1217 | D:2      | Reached XP level 4. HP: 12/33 MP: 4/4
  1678 | D:2      | Noticed Terence
  1692 | D:2      | Killed Terence
  1693 | D:2      | Reached skill level 5 in Staves
  1792 | D:1      | Reached XP level 5. HP: 9/38 MP: 5/5
  2306 | D:3      | Noticed Robin
  2340 | D:3      | HP: 1/38 [goblin/+0 dagger[Robin] (3)]
  2344 | D:3      | Killed Robin
  2345 | D:3      | Slain by a hobgoblin

Illustrated notes

Levels and vault maps discovered:
D:1:      dpeg_arrival_renting, layout_basic,
          shapermc_ecumenical_altar_acropolis, grunt_decor_fettered,
          serial_bayou_crossing
D:2:      layout_rooms, basic_altar, kennysheep_another_room,
          grunt_decor_clamped, minmay_domino_4, uniq_terence
D:3:      layout_basic, nicolae_hepliaklqana_monster_ancestors,
          minmay_misc_feat_iff, uniq_robin

Skill      XL: |  1  2  3  4 |
---------------+-------------+-----
Staves         | 4 5 |  5.6
Fighting       | |  2.1
Throwing       | |  2.0
Dodging        | |  2.6

Action                   |  1- 3 |  4- 6 || total
-------------------------+-------+-------++-------
Melee: Quarterstaff      |    64 |    67 ||   131
       Unarmed           |       |    33 ||    33
Throw: Javelin           |       |     1 ||     1
 Abil: Shaft Self        |     1 |     1 ||     2
  Use: Scroll            |     1 |     2 ||     3
       Potion            |       |     1 ||     1
Armor: Leather armour    |    34 |     9 ||    43
       Chain mail        |       |    27 ||    27
Dodge: Dodged            |    60 |   112 ||   172
